Match 24127024
Unlisted

Match 24127024
End
Construct Infanterie Kompanie
Kettenkrad Recon Vehicle
Selects Luftwaffe Battlegroup
Selects Luftwaffe Pioneer Support
Fallschirmpioneer Squad Paradrop
MG 42 Machine Gun Team
Fallschirmpioneer Squad Paradrop
Construct Luftwaffe Kompanie
Selects Reconnaissance Run
Selects Fallschirmjäger Squad Paradrop
Fallschirmjäger Squad Paradrop
Support Elements
Medical Station
Wirbelwind Flakpanzer
Selects LG40 Recoilless Gun Paradrop
LG40 Recoilless Gun Paradrop
Jäger Squad
Construct Panzer Kompanie
Frankenfreund
Blacksmith
SneaKerz
gb_gbg
0
0

Comments sign in to comment!

No comments posted yet!